 Dungeon Crawl Stone Soup version 0.19.5 (webtiles) character file.

4208 Naow the Basher (level 10, -4/113 HPs)
             Began as an Ogre Hunter on May 31, 2017.
             Was a Believer of Okawaru.
             Killed from afar by an electric eel (11 damage)
             ... with a bolt of electricity
             ... on level 6 of the Dungeon.
             The game lasted 00:22:47 (14318 turns).

Naow the Basher (Ogre Hunter)                      Turns: 14318, Time: 00:22:47

Health: -4/113     AC:  3    Str: 22    XL:     10   Next: 29%
Magic:  10/10      EV: 10    Int: 10    God:    Okawaru [**....]
Gold:   394        SH:  0    Dex: 10    Spells: 0 memorised, 9 levels left

rFire  . . .     SeeInvis .     O - +0 giant spiked club
rCold  + . .     Gourm    .     b - +0 robe
rNeg   . . .     Faith    .     (shield currently unavailable)
rPois  .         Spirit   .     (helmet restricted)
rElec  .         Reflect  .     (no cloak)
rCorr  .         Harm     .     (gloves unavailable)
MR     +....                    (boots unavailable)
Stlth  +.........               (no amulet)
                                L - ring of protection from fire
                                p - ring of ice

@: no status effects
A: unfitting armour, tough skin 1
a: Heroism, Renounce Religion


You were on level 6 of the Dungeon.
You worshipped Okawaru.
Okawaru was pleased with you.
You were not hungry.

You visited 2 branches of the dungeon, and saw 9 of its levels.

You collected 394 gold pieces.

Inventory:

Hand Weapons
 a - a +0 short sword
 e - a +0 club
 j - a +0 hunting sling
 t - a +0 flail
 z - a +0 whip
 D - a +0 mace
 O - a +0 giant spiked club (weapon)
Missiles
 c - 7 large rocks (quivered)
 d - a throwing net
 E - 4 tomahawks of returning
Armour
 b - a +0 robe (worn)
 h - a +1 robe of magic resistance
Jewellery
 p - a ring of ice (left hand)
 L - a ring of protection from fire (right hand)
Wands
 s - a wand of enslavement (15/24)
 B - a wand of confusion (22/48)
 J - a wand of flame (25/48)
 K - a wand of digging (16/24)
Scrolls
 i - 8 scrolls of identify {unknown}
 o - 3 scrolls of remove curse {unknown}
 q - 3 scrolls of teleportation {unknown}
 r - a scroll of recharging {unknown}
 y - a scroll of magic mapping {unknown}
 C - a scroll of random uselessness {unknown}
 G - a scroll of enchant armour {unknown}
 I - a scroll of fear {unknown}
Potions
 k - 2 potions of lignification
 m - 2 potions of curing
 n - a potion of heal wounds {unknown}
 v - 2 potions of might {unknown}
 w - a potion of agility {unknown}
 A - a potion of degeneration
 H - a potion of magic {unknown}
 N - 2 potions of haste
Books
 u - a book of Minor Magic

   Spells                             Type                      Level
   a - Magic Dart                     Conjuration                  1
   b - Blink                          Translocation                2
   c - Call Imp                       Summoning                    2
   d - Repel Missiles                 Charms/Air                   2
   e - Slow                           Hexes                        2
   f - Conjure Flame                  Conjuration/Fire             3
   g - Mephitic Cloud                 Conjuration/Poison/Air       3
Comestibles
 f - 6 bread rations
 g - 3 beef jerkies
 l - a meat ration
 x - 8 slices of pizza
 F - a royal jelly


   Skills:
 + Level 11.0 Fighting
 * Level 14.6 Maces & Flails
 + Level 4.3 Throwing
 - Level 1.7 Dodging
 - Level 0.6 Stealth


You had 9 spell levels left.
You didn't know any spells.

Dungeon Overview and Level Annotations

Branches:
Dungeon (8/15)             Temple (1/1) D:4
   Lair: D:8-11

Altars:
Ashenzari
Cheibriados
Dithmenos
Elyvilon
Fedhas
Gozag
Hepliaklqana
Kikubaaqudgha
Makhleb
Nemelex Xobeh
Okawaru
Qazlal
Ru
Sif Muna
Trog
Uskayaw
Vehumet
Xom
Yredelemnul
Zin
The Shining One

Shops:
D:2 *


Innate Abilities, Weirdness & Mutations

You are too large for most types of armour.
You have tough skin. (AC +1)


Message History

The bolt of electricity misses you. The bolt of electricity hits you!
The bolt of electricity hits the electric eel.
The electric eel completely resists.
You barely miss the electric eel.
The electric eel shoots out a bolt of lightning at you!
The bolt of electricity misses you. The bolt of electricity hits you!
* * * LOW HITPOINT WARNING * * *
The bolt of electricity hits the electric eel.
The electric eel completely resists.
You closely miss the electric eel.
The electric eel shoots out a bolt of lightning at you!
The bolt of electricity hits you!
* * * LOW HITPOINT WARNING * * *
The bolt of electricity hits you!
* * * LOW HITPOINT WARNING * * *
The bolt of electricity hits the electric eel.
The electric eel completely resists.
The electric eel shoots out a bolt of lightning at you!
The bolt of electricity hits you!
You die...

..#.....88...........≈≈≈.........
..####.8.....#....≈≈≈≈#≈.........
'#####..##.....≈≈≈≈#≈≈≈≈...###..#
.........#.....≈#≈≈≈≈#≈≈≈..###..#
.........#.....≈≈≈#≈≈≈≈#≈..#.....
'#####.######'..≈≈≈≈#≈≈≈≈..#.....
..####.###....#.≈#≈≈≈≈#≈≈≈.......
...#...#........≈;≈#≈≈≈≈#≈.......
..##'###........@≈≈≈≈#≈≈≈≈.#.....
..#...###.######.≈#≈≈≈≈....##..##
..#.[.###.##..##.≈≈≈....#.###..##
..#...#.........................÷
..#####....... .....+............
....................#............
...###...########################
...###...###..###..###..####..###
....#....................'....'..


You could see an electric eel.

Vanquished Creatures
  A cyclops (D:7)
  A hornet (D:8)
  A hippogriff (D:6)
  A human (D:7)
  A yak (D:7)
  3 hogs
  4 ice beasts
  An orc warrior (D:7)
  3 ogres
  A phantom (D:6)
  2 centaurs
  3 bullfrogs
  A wyvern zombie (D:6)
  A wyvern skeleton (D:6)
  3 scorpions
  A water moccasin skeleton (D:6)
  3 wights
  An electric eel (D:6)
  A howler monkey (D:4)
  A bullfrog zombie (D:5)
  2 centaur zombies
  A crimson imp (D:6)
  A quasit (D:5)
  A jelly (D:5)
  2 hounds
  6 orc wizards
  2 orc priests (D:7)
  An iguana (D:6)
  7 worker ants
  A hound zombie (D:6)
  3 hound skeletons
  A howler monkey zombie (D:5)
  5 worker ant zombies
  4 gnolls
  10 adders
  A howler monkey skeleton (D:5)
  An ooze (D:4)
  An adder zombie (D:6)
  4 worms
  4 dart slugs
  7 leopard geckos
  30 orcs
  5 giant cockroaches
  3 goblins (D:1)
  6 hobgoblins
  8 jackals
  4 quokkas
  4 ball pythons
  7 bats
  8 frilled lizards
  A giant cockroach zombie (D:6)
  10 kobolds
  2 leopard gecko skeletons (D:6)
  14 rats
201 creatures vanquished.

Vanquished Creatures (others)
  A leopard gecko (D:6)
1 creature vanquished.

Grand Total: 202 creatures vanquished

Notes
Turn   | Place    | Note
-------+----------+-------------------------------------------
     0 | D:1      | Naow the Ogre Hunter began the quest for the Orb.
     0 | D:1      | Reached XP level 1. HP: 22/22 MP: 1/1
    46 | D:1      | Reached skill level 1 in Maces & Flails
   226 | D:1      | Reached XP level 2. HP: 24/31 MP: 2/2
   477 | D:1      | Reached skill level 2 in Maces & Flails
  1020 | D:1      | Reached XP level 3. HP: 26/37 MP: 3/3
  1027 | D:1      | Reached skill level 3 in Maces & Flails
  1948 | D:2      | Found Gozag's Platinum Reserve.
  1970 | D:2      | Reached XP level 4. HP: 11/48 MP: 4/4
  2202 | D:2      | Found an opulent altar of Gozag.
  2628 | D:2      | Reached skill level 4 in Maces & Flails
  3959 | D:3      | Reached XP level 5. HP: 45/55 MP: 5/5
  4039 | D:3      | Reached skill level 5 in Maces & Flails
  4301 | D:3      | Found a faded altar of an unknown god.
  4301 | D:3      | Found a faded altar of an unknown god.
  4306 | D:3      | Found a hazy altar of Hepliaklqana.
  4310 | D:3      | Found a faded altar of an unknown god.
  4312 | D:3      | Found a faded altar of an unknown god.
  4826 | D:4      | Found a staircase to the Ecumenical Temple.
  4826 | D:4      | Noticed an ogre
  4831 | D:4      | Killed an ogre
  4831 | D:4      | Reached skill level 5 in Fighting
  4831 | D:4      | Reached skill level 6 in Maces & Flails
  4831 | D:4      | Reached XP level 6. HP: 57/66 MP: 6/6
  4855 | Temple   | Entered the Ecumenical Temple
  5292 | D:4      | Reached skill level 7 in Maces & Flails
  5499 | D:4      | Reached XP level 7. HP: 52/75 MP: 7/7
  6172 | D:5      | Entered Level 5 of the Dungeon
  6272 | D:5      | Reached skill level 8 in Maces & Flails
  6894 | D:5      | Found a shattered altar of Ashenzari.
  7101 | D:5      | Reached skill level 9 in Maces & Flails
  7274 | D:5      | Reached XP level 8. HP: 59/87 MP: 8/8
  8379 | D:6      | Reached skill level 10 in Maces & Flails
  9473 | D:6      | Reached skill level 11 in Maces & Flails
  9809 | D:6      | Reached XP level 9. HP: 73/97 MP: 9/9
  9946 | D:6      | Found a shadowy altar of Dithmenos.
  9960 | D:6      | Reached skill level 12 in Maces & Flails
 10301 | D:6      | Found an iron altar of Okawaru.
 10312 | D:6      | Became a worshipper of Warmaster Okawaru
 10620 | D:7      | Found a stormy altar of Qazlal.
 10881 | D:7      | Reached * piety under Okawaru
 10888 | D:6      | HP: 2/101 [hog (11)]
 10903 | D:6      | HP: 7/151 [hog (2)]
 10908 | D:6      | HP: 6/151 [hog (4)]
 10914 | D:6      | HP: 1/151 [hog (3)]
 10916 | D:6      | Reached skill level 13 in Maces & Flails
 11360 | D:6      | Reached skill level 10 in Fighting
 12067 | D:7      | Noticed a cyclops
 12358 | D:7      | Killed a cyclops
 12358 | D:7      | Reached skill level 14 in Maces & Flails
 12358 | D:7      | Reached XP level 10. HP: 111/111 MP: 10/10
 12371 | D:7      | Reached ** piety under Okawaru
 13560 | D:8      | Paralysed by a hornet for 3 turns
 14318 | D:6      | Killed from afar by an electric eel

Skill      XL: |  1  2  3  4  5  6  7  8  9 10 |
---------------+-------------------------------+-----
Maces & Flails | 1 2 3 4 6 7 9 11 14 | 14.6
Fighting       | 3 4 5 6 7 8 10 11 | 11.0
Throwing       | |  4.3
Dodging        | |  1.7
Stealth        | |  0.6

Action                   |  1- 3 |  4- 6 |  7- 9 | 10-12 || total
-------------------------+-------+-------+-------+-------++-------
Melee: Club              |   192 |   215 |       |       ||   407
       Short sword       |     2 |       |       |       ||     2
       Flail             |       |    18 |   406 |    75 ||   499
       Giant spiked club |       |       |       |     5 ||     5
Throw: Large rock        |     6 |    19 |    26 |     2 ||    53
       Tomahawk          |       |       |    12 |    12 ||    24
       Throwing net      |       |       |     2 |       ||     2
Invok: Heroism           |       |       |       |     1 ||     1
  Use: Potion            |       |       |     5 |       ||     5
 Stab: Sleeping          |     1 |     1 |       |       ||     2
  Eat: Chunk             |     4 |    11 |    18 |     4 ||    37
       Beef jerky        |       |       |     2 |       ||     2
       Meat ration       |       |       |       |     1 ||     1
Armor: Robe              |    73 |    61 |    68 |     5 ||   207
       Skin              |       |       |     6 |       ||     6
Dodge: Dodged            |   109 |   151 |   235 |    27 ||   522
